 Dungeon Crawl Stone Soup version 0.31-a0-640-g39d97e502b (webtiles) character file.

Game seed: 5983607091952814092

5737 rvierbuc the Fighter (level 10, -2/120 HPs)
             Began as a Demonspawn Berserker on Aug 28, 2023.
             Was a High Priest of Trog.
             Slain by an orc warrior
             ... wielding a +0 trident
              (9 damage)
             ... in a bailey.
             The game lasted 00:20:01 (7990 turns).

rvierbuc the Fighter (Demonspawn Berserker)         Turns: 7990, Time: 00:20:02

Health: -2/120     AC:  8    Str: 27    XL:     10   Next: 49%
Magic:  10/10      EV: 15    Int: 13    God:    Trog [*****.]
Gold:   453        SH: 10    Dex: 19    Spells: 9/9 levels left

rFire   . . .        F - +1 whip (elec)
rCold   . . .        A - +0 kite shield
rNeg    + . .        C - +2 leather armour {rN+}
rPois   +            (helmet restricted)
rElec   .            n - +0 cloak {rPois}
rCorr   .            h - +0 pair of gloves
SInv    .            (no boots)
Will    .....        I - amulet of regeneration Stlth
                     g - +6 ring of strength
HPRegen 1.20/turn    u - +6 ring of dexterity
MPRegen 0.12/turn

%: no passive effects
@: berserking (expiring), very quick
A: horns 1, spiny 2, big brain 2, demonic magic 1
a: Renounce Religion, Berserk, Trog's Hand, Brothers in Arms


You were in a bailey.
You worshipped Trog.
Trog was extremely pleased with you.
You visited 1 branch of the dungeon, and saw 9 of its levels.
You also visited: Sewer and Bailey.

You collected 453 gold pieces.

Inventory:

Hand Weapons
 a - a +0 mace
 F - a +1 whip of electrocution (weapon)
 T - a +1 whip of flaming
Missiles
 s - 4 curare-tipped darts
Armour
 b - a +0 animal skin
 h - a +0 pair of gloves (worn)
 l - a +0 helmet
 n - a +0 cloak of poison resistance (worn)
 A - a +0 kite shield (worn)
 C - a +2 leather armour of positive energy (worn)
 L - a +0 cloak
Jewellery
 g - a +6 ring of strength (left hand)
 u - a +6 ring of dexterity (right hand)
 v - a ring of fire
 z - a ring of poison resistance
 H - an amulet of the acrobat
 I - an amulet of regeneration (around neck)
 J - an amulet of guardian spirit
 Q - a ring of positive energy
 R - an amulet of magic regeneration
Wands
 q - a wand of flame (10)
 x - a wand of digging (9)
 B - a wand of polymorph (14)
 E - a wand of roots (7)
Scrolls
 f - 2 scrolls of revelation {unknown}
 m - 2 scrolls of summoning {unknown}
 r - 2 scrolls of fog {unknown}
 t - 4 scrolls of fear
 w - a scroll of vulnerability {unknown}
 y - 3 scrolls of poison {unknown}
 D - a scroll of blinking
 M - a scroll of enchant armour
Potions
 c - 2 potions of mutation
 d - 4 potions of cancellation
 e - a potion of curing
 i - 3 potions of heal wounds
 j - a potion of attraction {unknown}
 p - 3 potions of haste {unknown}
 G - a potion of resistance {unknown}
 K - a potion of lignification {unknown}
 N - a potion of magic {unknown}
 O - 5 potions of degeneration
 P - a potion of enlightenment {unknown}
 S - 2 potions of might {unknown}
 U - a potion of ambrosia {unknown}
Miscellaneous
 o - a phial of floods


   Skills:
 + Level 8.0 Fighting
 + Level 7.3 Maces & Flails
 + Level 7.0 Armour
 + Level 7.0 Dodging
 + Level 4.8 Shields


You had 9 spell levels left.
You didn't know any spells.
Your spell library was empty.

Dungeon Overview and Level Annotations

Branches:
Dungeon (9/15)             Temple (0/1) D:5           Sewer (visited)
 Bailey (1/1)
   Lair: D:8-11         Orc: D:9-12

Altars:
Gozag
Nemelex Xobeh
Vehumet
Wu Jian

Shops:
D:2 (((*   D:3 *


Innate Abilities, Weirdness & Mutations

You have a pair of small horns on your head.
You are mostly covered in sharp spines.
You have an extremely huge brain. (Int +4)
Spells you cast may paralyse adjacent enemies.


Message History

An orc warrior comes into view. It is wielding a +0 glaive.
The orc warrior closely misses you.
The orc warrior hits you but does no damage.
The orc warrior shouts!
You hit the orc warrior but do no damage.
Lightning courses through the orc warrior!!
You kill the orc warrior!
Trog accepts your kill. The orc warrior closely misses you.
The orc warrior misses you. You block the orc's attack.
Things that are here:
a +0 glaive; a +0 plate armour You whack the orc warrior!
Your headbutt misses the orc warrior.
The orc warrior is moderately wounded.
You barely miss the orc warrior.
The orc warrior is moderately wounded.
The orc warrior completely misses you. The orc warrior closely misses you.
You block the orc warrior's attack. You block the orc's attack.
You miss the orc warrior.
The orc warrior is moderately wounded.
You closely miss the orc warrior. Your headbutt misses the orc warrior.
The orc warrior is moderately wounded.
The orc warrior hits you from afar with a +0 glaive!
* * * LOW HITPOINT WARNING * * *
The orc warrior hits you from afar with a +0 trident!
* * * LOW HITPOINT WARNING * * *
You block the orc warrior's attack. The orc closely misses you.
You are too berserk!
You whack the orc warrior!
The orc warrior is severely wounded.
The orc warrior barely misses you. x2; You block the orc warrior's attack.
You closely miss the orc warrior. Your headbutt misses the orc warrior.
The orc warrior is severely wounded.
Unknown command.
You whack the orc warrior!
You kill the orc warrior!
Trog accepts your kill. The orc warrior barely misses you.
The orc warrior hits you from afar with a +0 trident!
You die...

...##...≈≈ ≈..♣♣...
#..#....≈ ≈..♣....
#8.#...######......
#..#...............
#..'...............
#.o'...............
#.o#............... .
#8.#...######......
######)@#....≈≈≈≈.......
...ooo.)##.♣.≈≈≈≈..♣....
....oo..)#...≈≈≈≈.....##
#######.$#..♣≈≈≈≈..♣.##
####..♣≈≈≈≈≈...#
#....♣♣≈≈≈≈≈.♣#
##..♣♣♣≈≈≈≈≈♣♣ ####
#######


You could see 5 orc warriors and 2 orcs.

Vanquished Creatures
  Pikel (D:9)
  Grinder (D:3)
  3 yaks (D:8)
  A wyvern (D:8)
  Eustachio (D:4)
  Duvessa (D:5)
  4 orc warriors
  2 sky beasts
  A black bear (D:7)
  A centaur (D:6)
  2 ice beasts
  An ogre (D:7)
  10 kobold brigands
  3 phantoms
  2 lemures (D:9)
  2 bullfrogs
  A scorpion (D:5)
  8 wights
  Dowan (D:5)
  19 killer bees
  3 hounds
  3 jellies
  4 orc priests
  Crazy Yiuf (D:2)
  A sleepcap (D:8)
  Ijyb (D:3)
  Natasha (thrice) (D:2)
  5 iguanas
  6 gnolls
  9 adders
  3 river rats (Sewer)
  3 white imps
  An ufetubus (D:5)
  4 worms (Sewer)
  2 dart slugs (D:1)
  39 orcs
  6 bats
  8 endoplasms
  3 giant cockroaches
  6 goblins
  4 hobgoblins
  15 kobolds
  2 quokkas
  6 ball pythons
  6 frilled lizards
  11 rats
220 creatures vanquished.

Notes
Turn   | Place    | Note
-------+----------+-------------------------------------------
     0 | D:1      | rvierbuc the Demonspawn Berserker began the quest for the
                  | Orb.
     0 | D:1      | Reached XP level 1. HP: 18/18 MP: 1/1
   202 | D:1      | Gained mutation: You are partially covered in sharp spines.
                  | [demonic ancestry]
   202 | D:1      | Reached XP level 2. HP: 24/24 MP: 2/2
   540 | D:1      | Reached ** piety under Trog
   576 | D:1      | Gained mutation: You are mostly covered in sharp spines.
                  | [demonic ancestry]
   576 | D:1      | Reached XP level 3. HP: 26/29 MP: 3/3
   661 | D:2      | Found Sodoaxt's Weapon Shop.
   823 | D:2      | Noticed Natasha
   828 | D:2      | Killed Natasha
   881 | D:2      | Gained mutation: You have a pair of small horns on your
                  | head. [demonic ancestry]
   881 | D:2      | Reached XP level 4. HP: 33/35 MP: 4/4
   960 | D:2      | Found Niaradoni's Assorted Antiques.
  1032 | D:2      | Found Kycumeos's Weapon Boutique.
  1057 | D:2      | Found Plog's Weapon Emporium.
  1201 | D:2      | Noticed Natasha
  1207 | D:2      | Killed Natasha
  1321 | D:2      | Noticed Natasha
  1327 | D:2      | Killed Natasha
  1468 | D:2      | Found a runed translucent door.
  1469 | D:2      | Noticed Crazy Yiuf
  1637 | D:2      | Killed Crazy Yiuf
  1638 | D:2      | Gained mutation: You have an unusually large brain. (Int
                  | +2) [demonic ancestry]
  1638 | D:2      | Reached XP level 5. HP: 13/42 MP: 5/5
  1838 | D:3      | Found a radiant altar of Vehumet.
  1969 | D:3      | Found a faded altar of an unknown god.
  1979 | D:3      | Noticed Grinder
  1985 | D:3      | Killed Grinder
  1986 | D:3      | Reached skill level 4 in Fighting
  1986 | D:3      | Gained mutation: Spells you cast may paralyse adjacent
                  | enemies. [demonic ancestry]
  1986 | D:3      | Reached XP level 6. HP: 39/49 MP: 6/6
  2092 | D:3      | Found Gozag's Platinum Reserve.
  2101 | D:3      | Found an opulent altar of Gozag.
  2133 | D:3      | Noticed Ijyb
  2140 | D:3      | Killed Ijyb
  2248 | D:3      | Found a glowing drain.
  2253 | Sewer    | Entered a sewer
  2401 | Sewer    | Reached XP level 7. HP: 52/55 MP: 7/7
  2682 | Sewer    | Reached skill level 5 in Fighting
  2997 | Sewer    | Reached XP level 8. HP: 26/63 MP: 8/8
  3235 | Sewer    | Reached skill level 5 in Maces & Flails
  3336 | Sewer    | Reached *** piety under Trog
  3936 | D:4      | Noticed Eustachio
  3950 | D:4      | Killed Eustachio
  4110 | D:4      | Found a sparkling altar of Nemelex Xobeh.
  4165 | D:5      | Entered Level 5 of the Dungeon
  4204 | D:5      | Noticed Dowan
  4209 | D:5      | Noticed Duvessa
  4211 | D:5      | Killed Dowan
  4212 | D:5      | Reached skill level 5 in Armour
  4217 | D:5      | Killed Duvessa
  4218 | D:5      | Reached skill level 6 in Fighting
  4218 | D:5      | Reached skill level 5 in Dodging
  4400 | D:5      | Reached skill level 1 in Shields
  4811 | D:5      | Reached **** piety under Trog
  5032 | D:5      | Found a staircase to the Ecumenical Temple.
  5223 | D:6      | Gained mutation: You have an extremely huge brain. (Int +4)
                  | [demonic ancestry]
  5223 | D:6      | Reached XP level 9. HP: 71/71 MP: 9/9
  5550 | D:6      | Identified the +0 robe of a Gauntlet {Dex+5}
  6233 | D:7      | Found an ornate altar of the Wu Jian Council.
  6307 | D:7      | Reached skill level 7 in Fighting
  6868 | D:8      | Reached ***** piety under Trog
  7070 | D:8      | Reached XP level 10. HP: 71/79 MP: 10/10
  7794 | D:9      | Noticed Pikel
  7815 | D:9      | Killed Pikel
  7885 | D:9      | Reached skill level 8 in Fighting
  7898 | D:9      | Found a flagged portal.
  7917 | Bailey   | Entered a bailey
  7987 | Bailey   | HP: 5/120 [orc warrior/+0 trident (8)]
  7990 | Bailey   | Slain by an orc warrior

Illustrated notes

Levels and vault maps discovered:
D:1:      heliophobic_arrival_battle_scene, layout_loops_cross,
          hangedman_abyss_or_decor_stabs
D:2:      layout_basic, serial_shops, nicolae_shop_hallway_plus,
          nicolae_shop_gibbet_a_chance, shop, shop, uniq_crazy_yiuf_cottage,
          uniq_natasha
D:3:      layout_loops_ring, nicolae_vehumet_altar_sigil,
          nicolae_gozag_zags_fifth_avenue, basic_ecumenical_altar,
          portal_sewer_entry_e, minmay_checkerbox, uniq_grinder, uniq_ijyb
D:4:      layout_rooms, nemelex_dance_club_becter, serial_park_tiny_pond,
          corner_web_ring, uniq_eustachio
D:5:      layout_cave_pods, minmay_temple_entry_proselytizer,
          serial_column_ruins, column_ruins_courtyard_long, column_ruins_hut,
          column_ruins_grid_2, column_ruins_columns_dead_end,
          column_ruins_open_medium, column_ruins_open_tiny,
          column_ruins_corridor_straight, column_ruins_open_tiny,
          item_on_display_a, uniq_duvessa
D:6:      layout_basic
D:7:      layout_rooms, nicolae_wu_jian_glorious_leap, moated_statue,
          minmay_quadrilaterals
D:8:      layout_basic, kennysheep_generic_room_15
D:9:      layout_cross, kennysheep_mini, enter_bailey_7, uniq_pikel
Bailey:   bailey_polearm_elven_captive_hellmonk, bailey

Skill      XL: |  1  2  3  4  5  6  7  8  9 10 |
---------------+-------------------------------+-----
Armour         | 2 3 4 5 6 7 |  7.0
Dodging        | 2 3 4 5 6 7 |  7.0
Maces & Flails | 3 4 5 6 7 |  7.3
Fighting       | 4 5 6 7 8 |  8.0
Shields        | 2 4 |  4.8

Action                     |  1- 3 |  4- 6 |  7- 9 | 10-12 || total
---------------------------+-------+-------+-------+-------++-------
  Melee: Mace              |    48 |    60 |   157 |       ||   265
         Headbutt          |       |     7 |    57 |    18 ||    82
         Whip              |       |       |   168 |    96 ||   264
         Punch             |       |       |     1 |       ||     1
 Invoke: Berserk           |     1 |     2 |     3 |     2 ||     8
    Use: Scroll            |       |       |     1 |     6 ||     7
   Stab: Sleeping          |     2 |       |     5 |     1 ||     8
 Armour: Animal skin       |     9 |    12 |    11 |       ||    32
         Leather armour    |       |       |    44 |    18 ||    62
  Dodge: Dodged            |    31 |    26 |   195 |    74 ||   326
  Block: Kite shield       |       |       |   116 |    70 ||   186

Table legend: (Time is in decaauts)
 A = Elapsed time spent in this place.
 B = Non-inter-level travel time spent in this place.
 C = Inter-level travel time spent in this place.
 D = Time resting spent in this place.
 E = Time spent auto-exploring this place.
 F = Levels seen in this place.
 G = Mean time per level.
                   A        B        C        D        E       F      G
               +--------+--------+--------+--------+--------+-----+--------+
         Total |   8260 |   7985 |    275 |    662 |   5856 |  11 |  750.9 |
       Dungeon |   6888 |   6613 |    275 |    442 |   5000 |   9 |  765.3 |
         Sewer |   1305 |   1305 |      0 |    220 |    821 |   1 | 1305.0 |
        Bailey |     66 |     66 |      0 |      0 |     35 |   1 |   66.0 |
               +--------+--------+--------+--------+--------+-----+--------+

Top non-repeatable levels by time:
   Sewer: 1305 daAuts
     D:2: 1168 daAuts
     D:5: 1057 daAuts
     D:8: 952 daAuts
     D:6: 839 daAuts
     D:3: 763 daAuts
     D:7: 753 daAuts
     D:1: 667 daAuts
     D:4: 516 daAuts
     D:9: 168 daAuts
  Bailey: 66 daAuts
